Zazza, neutral female human Tourist --------------- |.............| |.............| |...@.........| |....M........| ------------- -------- |.............| |`.........`| ##.......| -----------)-.- |.....`.....| # |......| ### |...-----.... .----.---- ### |.....<| #### |...|.{.....| |........| # |......| # # |..`|{.{|`..| #|....>...-##### -------- --|--.-- ##....|.{.|...| ###|.)%...... |......| # |...-----...|######....^....| |......-############## |.....`...)..#### ------.--- |......| |`.........`| |...^..| ------------- -------- Zazza the Sightseer Experience level: 5 Strength: 13 Dexterity: 14 Constitution: 14 Intelligence: 12 Wisdom: 9 Charisma: 17 Health: 0(33) Energy: 17(17) Def: 7 Gold: 199 Moves: 5378 Dungeon seed: zqdag46quSawIAU1 Game ID: Zazza_1563059704 Your Inventory: Coins $ - 199 gold pieces Weapons a - 33 +2 darts (in quiver) p - 6 +0 daggers (wielded) v - 6 +0 darts Armor e - an uncursed +0 Hawaiian shirt (being worn) n - an uncursed +0 pair of high boots (being worn) q - an uncursed +0 elven mithril-coat (being worn) Comestibles b - 2 uncursed tripe rations d - 3 uncursed food rations Potions i - 2 uncursed potions of extra healing u - an uncursed potion of confusion K - an uncursed potion of object detection Rings s - an uncursed +1 ring of adornment Tools k - an uncursed skeleton key l - an expensive camera (0:28) r - a +0 grappling hook B - an uncursed blindfold Y - an uncursed brass lantern (0:1086) Spells and supernatural/magical abilities: Name Level Category Fail Memory W - pray for help -- divine ? -- Your skills at the end: Fighting Skills Weapon Skills dagger [Skilled] dart [Basic] Spellcasting Skills Final Attributes: You were piously aligned. You were telepathic. You are dead. Vanquished creatures: an orc-captain a gnome king 2 gnome mummies 3 bugbears a wood nymph a water nymph 2 rock moles a pony a fog cloud a violet fungus 9 gnome lords a gray ooze 2 paper golems a baby crocodile a giant ant 6 floating eyes a kitten a kobold lord 7 hill orcs a rabid rat a giant bat a monkey 2 dwarf zombies a wererat 5 iguanas 2 coyotes 3 hobbits a large kobold 5 hobgoblins a giant rat 6 cave spiders a red mold a gnome 5 geckos 7 jackals 3 foxes 3 kobolds a goblin 3 sewer rats 12 grid bugs 5 bats 13 lichens a kobold zombie 9 newts 136 creatures vanquished. Voluntary challenges: You had been an atheist until turn 4204. You used a wielded weapon 154 times, starting on turn 455. You read items or engraved 5 times, starting on turn 326. You never genocided any monsters. You never polymorphed an object. You never changed form. You used no wishes. You never split a pudding. You wrote Elbereth's name 1 time, starting on turn 4193. You never violated your personal moral code. Dungeon overview: The Dungeons of Doom: levels 1 to 10 Level 1 a fountain a long staircase Level 2 a long staircase Level 3 some fountains Level 4 a fountain Level 5 a general store, a fountain Level 6 some fountains Level 7 some fountains, a throne Level 8 <- You were here many fountains Level 9 a long staircase Level 10 History has recorded: On T:1 you entered the Dungeons of Doom to retrieve the Amulet of Yendor! On T:467 you reached level 2 of The Dungeons of Doom. On T:926 you advanced to experience level 2. On T:1217 you reached level 3 of The Dungeons of Doom. On T:1701 you reached level 4 of The Dungeons of Doom. On T:1914 you advanced to experience level 3. On T:2110 you reached level 5 of The Dungeons of Doom. On T:2996 you advanced to experience level 4. On T:3165 you reached level 6 of The Dungeons of Doom. On T:3627 you reached level 7 of The Dungeons of Doom. On T:4126 you advanced to experience level 5. On T:4334 you reached level 8 of The Dungeons of Doom. On T:4622 you reached level 9 of The Dungeons of Doom. On T:4725 you reached level 10 of The Dungeons of Doom. Score breakdown: Gold: 0 ( 0 points) Experience: 5 levels (11141 points) Exploration: 10 levels ( 19.23%) (12602 points) Discoveries: 5 items ( 1.68%) ( 3885 points) Valuables value: (no points given unless you survive) Artifact value: 0 ( 0 points) Variety of kills: 44 monsters ( 11.55%) (10194 points) Turncount: 5378 turns (-1462 points) Survival: died (score multiplied by 80%) Total score: 29088 Latest messages: You displace your large cat. You displace Armand. You displace your pony. You displace your kitten. You displace Armand. You hit it. Armand bites the lichen. The lichen is killed! You displace Armand. You see here a lichen corpse. You step onto a level teleport trap! You are momentarily blinded by a flash of light. The dwarf mummy hits! You hit it. The dwarf mummy misses. You miss it. The dwarf mummy just misses! You hit it. The dwarf mummy hits! (2x) The dwarf mummy is blinded by the flash! The dwarf mummy hits! You die... Final status: Aloha Zazza the Tourist, killed by a dwarf mummy... You died in The Dungeons of Doom on dungeon level 8 with 29088 points, and 199 pieces of gold, after 5378 moves. You were level 5 with a maximum of 33 hit points when you died.